 Dungeon Crawl Stone Soup version 0.29.1-12-g30fa7ad0bf (webtiles) character file.

Game seed: 15591065419029355388

181 DildoBatman the Conjurer (level 5, -9/39 HPs)
             Began as a Formicid Conjurer on Jan 10, 2023.
             Mangled by Prince Ribbit (12 damage)
             ... on level 6 of the Dungeon.
             The game lasted 00:07:52 (3197 turns).

DildoBatman the Conjurer (Formicid Conjurer)        Turns: 3197, Time: 00:07:53

Health: -9/39      AC:  4    Str: 11    XL:     5   Next: 92%
Magic:  3/10       EV: 12    Int: 20    God:
Gold:   185        SH:  0    Dex: 12    Spells: 1/10 levels left

rFire   . . .      SeeInvis +   b - +2 dagger (holy)
rCold   . . .      Faith    .   (no shield)
rNeg    . . .      Spirit   .   i - +0 robe
rPois   .          Reflect  .   (helmet unavailable)
rElec   .          Harm     .   (no cloak)
rCorr   .          Rampage  .   s - +1 Delatra's gloves {ID++}
Will    .....                   (no boots)
Stlth   ++........              (no amulet)
HPRegen 0.13/turn               j - ring of flight
MPRegen 0.12/turn               (no ring)

@: flying
A: permanent stasis, dig shafts and tunnels, antennae 3, four strong arms
a: Dig, Shaft Self


You were on level 6 of the Dungeon.
You visited 1 branch of the dungeon, and saw 6 of its levels.

You collected 185 gold pieces.

Inventory:

Hand Weapons
 a - a +0 sling
 b - a +2 dagger of holy wrath (weapon)
 u - a +0 dagger of venom
Missiles
 e - 26 stones
 l - 3 boomerangs
 p - 4 poisoned darts
 C - 2 curare-tipped darts
Armour
 i - a +0 robe (worn)
 s - the +1 Delatra's gloves (worn) {ID++}
   (You found it on level 3 of the Dungeon)

   It heals its wearer when they drink unknown potions.
   It restores its wearer's MP when they read unknown scrolls.
 w - a +0 ring mail of poison resistance
Magical Staves
 q - a staff of earth
Jewellery
 j - a ring of flight (left hand)
Wands
 t - a wand of charming (10)
Scrolls
 d - a scroll of immolation {unknown}
 k - 4 scrolls of identify
 m - 2 scrolls of fear
 n - a scroll of summoning {unknown}
 o - 3 scrolls of enchant weapon
 r - a scroll of magic mapping {unknown}
 y - a scroll of noise {unknown}
 A - a scroll of teleportation {unknown}
 D - a scroll of blinking {unknown}
 E - a scroll of fog {unknown}
Potions
 c - 2 potions of haste {unknown}
 f - a potion of magic
 g - a potion of brilliance {unknown}
 h - 2 potions of invisibility {unknown}
 v - 4 potions of curing {unknown}
 x - a potion of berserk rage {unknown}
 z - a potion of mutation {unknown}
 B - a potion of flight {unknown}


   Skills:
 * Level 2.6 Fighting
 * Level 2.4 Armour
 - Level 2.0 Dodging
 - Level 2.4 Stealth
 * Level 3.3 Spellcasting
 * Level 4.3 Conjurations


You had one spell level left.
You knew the following spells:

 Your Spells              Type           Power      Damage    Failure   Level
a - Searing Ray           Conj           40%        2d5       3%          2
b - Mephitic Cloud        Conj/Pois/Air  9%         N/A       22%         3
c - Magic Dart            Conj           80%        1d7       2%          1
d - Conjure Flame         Conj/Fire      12%        6-21      17%         3

Your spell library contained the following spells:

 Spells                   Type           Power      Damage    Failure   Level
 Foxfire                  Conj/Fire      48%        2x1d6     5%          1
 Dazzling Flash           Conj/Hex       24%        N/A       17%         3
 Call Imp                 Summ           3%         N/A       21%         2
 Frozen Ramparts          Ice            6%         1d1       38%         3
 Inner Flame              Hex/Fire       3%         N/A       38%         3
 Lesser Beckoning         Tloc           3%         N/A       38%         3
 Flame Wave               Conj/Fire      12%        2d6       50%         4
 Fulminant Prism          Conj/Hex       6%         3d7       50%         4
 Iskenderun's Mystic Bla  Conj/Tloc      12%        2d5       50%         4
 Ice Form                 Ice/Tmut       3%         N/A       80%         4
 Summon Ice Beast         Ice/Summ       3%         N/A       80%         4
 Manifold Assault         Tloc           3%         N/A       98%         5
 Blink                    Tloc           Unusable   N/A       N/A         2

Dungeon Overview and Level Annotations

Branches:
Dungeon (6/15)             Temple (0/1) D:4

Altars:

Annotations:
D:4 4 runed translucent doors, 1 exclusion, Crazy Yiuf; tabbu's ghost, amateur MiBe
D:5 exclusions: gnoll, iguana, ogre, quokka and 2 sensed monsters (detected), Edmund
D:6 Prince Ribbit


Innate Abilities, Weirdness & Mutations

You cannot be hasted, slowed, berserked, paralysed or teleported.
You can dig through walls and to a lower floor.
You have a pair of large antennae on your head. (SInv)
Your four strong arms can wield two-handed weapons with a shield.


Message History

Found an escape hatch in the ceiling.
Prince Ribbit croaks regally.
Prince Ribbit closely misses you. Prince Ribbit hits you!
There is a stone staircase leading up here.
Your +2 dagger of holy wrath softly glows with a divine radiance!
b - a +2 dagger of holy wrath (weapon)
Casting: Searing Ray (safe; 3% risk of failure)
Confirm with . or Enter, or press ? or * to list all spells.
Aiming: Searing Ray (safe; 3% risk of failure)
Press: ? - help, Shift-Dir - straight line, f - Prince Ribbit
Aim: Prince Ribbit (61% to hit)
The searing ray hits Prince Ribbit.
Prince Ribbit is lightly wounded. (Press . to maintain the ray.) Prince Ribbit hits you.
Prince Ribbit barely misses you.
The searing ray hits Prince Ribbit!
Prince Ribbit is moderately wounded.
Prince Ribbit hits you!
The searing ray hits Prince Ribbit!
Prince Ribbit is severely wounded.
Prince Ribbit barely misses you. Prince Ribbit hits you.
The searing ray hits Prince Ribbit.
Prince Ribbit is severely wounded.
You finish channelling your searing ray.
A sky beast comes into view.
Prince Ribbit hits you.
Casting: Searing Ray (safe; 3% risk of failure)
Confirm with . or Enter, or press ? or * to list all spells.
Aiming: Searing Ray (safe; 3% risk of failure)
Press: ? - help, Shift-Dir - straight line, f/p - Prince Ribbit
Aim: Prince Ribbit (severely wounded, 61% to hit)
The searing ray hits Prince Ribbit.
Prince Ribbit is almost dead. (Press . to maintain the ray.) Prince Ribbit croaks regally.
Prince Ribbit hits you!
You die...

## .# #.... #.#.#
#.#.# #.#.# #
######.#.#.#
##........#.#.#..
................>
#.#..#.#@#.#<#. #
#.F.# #........#
#..#.##### #.....
#...Y. #.###. #.
.. #


You could see Prince Ribbit and a sky beast.

Vanquished Creatures
  A hound (D:4)
  An iguana (D:3)
  4 adders
  2 worms
  5 dart slugs
  4 orcs
  5 endoplasms
  3 giant cockroaches
  4 goblins
  3 hobgoblins
  2 jackals (D:1)
  4 kobolds
  4 quokkas
  12 ball pythons
  6 bats
  4 frilled lizards
  6 rats
70 creatures vanquished.

Notes
Turn   | Place    | Note
-------+----------+-------------------------------------------
     0 | D:1      | DildoBatman the Formicid Conjurer began the quest for the
                  | Orb.
     0 | D:1      | Reached XP level 1. HP: 13/13 MP: 3/3
   125 | D:1      | Reached XP level 2. HP: 20/20 MP: 1/5
   128 | D:1      | Learned a level 2 spell: Searing Ray
   612 | D:1      | Reached skill level 1 in Fighting
   628 | D:1      | Reached XP level 3. HP: 6/26 MP: 0/6
   708 | D:1      | Reached skill level 1 in Armour
   729 | D:1      | Found a faded altar of an unknown god.
   999 | D:2      | Reached XP level 4. HP: 32/32 MP: 3/8
  1015 | D:2      | Reached skill level 4 in Conjurations
  1452 | D:3      | Found the +1 Delatra's gloves {ID++}
  1612 | D:3      | Reached XP level 5. HP: 17/38 MP: 3/9
  2047 | D:4      | Learned a level 3 spell: Mephitic Cloud
  2115 | D:4      | Found a runed translucent door.
  2116 | D:4      | Noticed Crazy Yiuf
  2261 | D:4      | Learned a level 3 spell: Conjure Flame
  2284 | D:4      | Found a staircase to the Ecumenical Temple.
  2311 | D:4      | Found a runed translucent gate.
  2312 | D:4      | Found a runed translucent gate.
  2313 | D:4      | Found a runed translucent gate.
  2315 | D:4      | Noticed tabbu's ghost (amateur MiBe)
  2680 | D:5      | Entered Level 5 of the Dungeon
  2754 | D:5      | Noticed an ogre
  3141 | D:5      | Noticed Edmund
  3175 | D:5      | Noticed Prince Ribbit
  3196 | D:6      | Noticed a sky beast
  3197 | D:6      | Mangled by Prince Ribbit

Illustrated notes

Levels and vault maps discovered:
D:1:      dpeg_arrival_boxes_within_box, layout_loops_ring,
          basic_ecumenical_altar
D:2:      layout_rooms
D:3:      layout_rooms, st_stairs_7, kennysheep_potato
D:4:      layout_loops_ring, minmay_temple_entry_from_below_a,
          gammafunk_ghost_necromancy, uniq_crazy_yiuf_cottage
D:5:      layout_loops_ring, uniq_prince_ribbit1, uniq_edmund
D:6:      corexii_shack_village, layout_basic, kennysheep_pointless_box,
          minmay_misc_feat_five, minmay_misc_feat_doors, uniq_eustachio,
          uniq_sigmund, uniq_menkaure

Skill      XL: |  1  2  3  4 |
---------------+-------------+-----
Dodging        | 2 |  2.0
Fighting       | 1 2 |  2.6
Armour         | 1 2 |  2.4
Conjurations   | 4 |  4.3
Spellcasting   | 3 |  3.3
Stealth        | |  2.4

Action                   |  1- 3 |  4- 6 || total
-------------------------+-------+-------++-------
Melee: Unarmed           |     5 |       ||     5
       Short sword       |    10 |       ||    10
       Dagger            |       |     9 ||     9
 Fire: Sling             |    13 |    83 ||    96
 Cast: Magic Dart        |    31 |    11 ||    42
       Searing Ray       |     4 |    14 ||    18
  Use: Scroll            |       |     2 ||     2
 Stab: Sleeping          |     2 |       ||     2
Armor: Robe              |     7 |     8 ||    15
Dodge: Dodged            |    12 |    25 ||    37
